[Event "Team 45 45 League T31"]
[Site "Internet Chess Club"]
[Date "2006.07.24"]
[Round "5"]
[White "JaiHanuman"]
[Black "crispin"]
[Result "1-0"]
[WhiteElo "1931"]
[BlackElo "1786"]
[TimeControl "2700+45"]

1. e4 e5 2. Nf3 Nf6 3. Bc4 Nxe4 4. O-O d5 5. Re1 dxc4 6. Rxe4 f6 7. Nxe5 fxe5 8.
Qh5+ Kd7 9. Qxe5 Bd6 10. Qe6+ Kc6 11. Rxc4+ Kb5 12. a4+ Ka6 13. Qe2 Kb6 14. a5+
Kb5 15. Rc3+ {Black resigns} 1-0  aics%

[Event "Team 45 45 League T31"]
[Site "Internet Chess Club"]
[Date "2006.07.23"]
[Round "5"]
[White "onslaught"]
[Black "Legal"]
[Result "0-1"]
[WhiteElo "2015"]
[BlackElo "2068"]
[TimeControl "2700+45"]

1. e4 d5 2. exd5 Nf6 3. Bb5+ Bd7 4. Be2 Nxd5 5. d4 Bf5 6. Nf3 e6 7. O-O h6 8. c4
Nf6 9. Nc3 Bd6 10. Be3 O-O 11. Qb3 Qc8 12. Nh4 Bh7 13. Bf3 c6 14. g3 Nbd7 15.
Rad1 g5 16. Ng2 e5 17. dxe5 Nxe5 18. Be2 Qh3 19. f3 Qe6 20. c5 Qxb3 21. axb3 Be7
22. f4 Neg4 23. Bd4 Rad8 24. b4 a5 25. f5 axb4 26. Na4 h5 27. b3 Rd7 28. h3 Rfd8
29. hxg4 Rxd4 30. gxh5 Rxd1 31. Bxd1 Bxf5 32. Ne3 Be6 33. Re1 Nd5 {White
resigns} 0-1  aics%

[Event "Team 45 45 League T31"]
[Site "Internet Chess Club"]
[Date "2006.07.23"]
[Round "5"]
[White "beer2337"]
[Black "jonesey"]
[Result "1/2-1/2"]
[WhiteElo "1974"]
[BlackElo "2024"]
[TimeControl "2700+45"]

1. e4 e5 2. Nf3 Nc6 3. Bb5 a6 4. Bxc6 dxc6 5. O-O Bg4 6. h3 h5 7. d3 Qf6 8. Nbd2
Bd6 9. Re1 Ne7 10. hxg4 hxg4 11. Nh2 Rxh2 12. Qxg4 Rh4 13. Qg3 Qh6 14. Kf1 Rh1+
15. Ke2 O-O-O 16. Qg4+ f5 17. exf5 Rxe1+ 18. Kxe1 Kb8 19. Nf1 Qh7 20. Ne3 Rf8
21. Ke2 Nxf5 22. Nxf5 Qxf5 23. Qxf5 Rxf5 24. Be3 Rh5 25. Re1 Kc8 26. Kf3 Kd7 27.
Kg4 Rh2 28. g3 Ke6 {Game drawn by mutual agreement} 1/2-1/2  aics%

[Event "Team 45 45 League T31"]
[Site "Internet Chess Club"]
[Date "2006.07.23"]
[Round "5"]
[White "vaibhav"]
[Black "narog"]
[Result "0-1"]
[WhiteElo "1885"]
[BlackElo "2024"]
[TimeControl "2700+45"]

1. e4 d5 2. exd5 Qxd5 3. Nc3 Qd6 4. d4 Nf6 5. Nf3 a6 6. Bc4 Bf5 7. Ne5 e6 8. Bf4
Nc6 9. Ne2 Nxe5 10. dxe5 Qb4+ 11. c3 Qxc4 12. exf6 gxf6 13. b3 Qc6 14. O-O e5
15. Be3 Bd7 16. c4 O-O-O 17. Qc2 h5 18. Nc3 Rg8 19. f3 f5 20. Nd5 Rg6 21. Qe2
Be6 22. Nc3 f4 23. Bc1 Bh3 24. Qxe5 Bc5+ {White resigns} 0-1  aics%

[Event "Team 45 45 League T31"]
[Site "Internet Chess Club"]
[Date "2006.07.23"]
[Round "5"]
[White "demo05"]
[Black "JudokaUsa"]
[Result "0-1"]
[WhiteElo "1819"]
[BlackElo "1877"]
[TimeControl "2700+45"]

1. e4 e6 2. d4 d5 3. Nc3 Nf6 4. Bg5 Be7 5. e5 Nfd7 6. Bxe7 Qxe7 7. f4 a6 8. Nf3
c5 9. Bd3 Nc6 10. dxc5 Nxc5 11. O-O Nxd3 12. Qxd3 Bd7 13. a3 Rc8 14. b4 h6 15.
b5 Nxe5 16. Nxe5 Qc5+ 17. Rf2 Qxc3 18. Qxc3 Rxc3 19. bxa6 bxa6 20. Rb1 Bc8 21.
Rb3 Rc7 22. Rb6 O-O 23. Nc6 Rb7 24. Rb3 Re8 25. Na5 Rc7 26. Rb6 Rc5 27. Nb3 Rc3
28. Kf1 Re7 29. Ke1 Rb7 30. Rxb7 Bxb7 31. Kd2 Rc7 32. Na5 Bc8 33. Rf3 Rc5 34.
Rc3 Rxa5 35. Rxc8+ Kh7 36. Rc3 Ra4 37. g3 Kg6 38. Ke2 Kf5 39. Kf3 h5 40. h3 Rc4
41. Rxc4 dxc4 42. g4+ hxg4+ 43. hxg4+ Kf6 44. Ke4 g5 45. c3 gxf4 46. Kxf4 Kg6
47. Ke4 Kg5 48. Kd4 Kf4 49. Kxc4 e5 50. Kd3 Kf3 51. Kd2 Kxg4 52. c4 Kf5 53. Ke3
Ke6 54. Ke4 f5+ 55. Ke3 Kd6 {White resigns} 0-1  aics%